 Dungeon Crawl Stone Soup version 0.28-a0-1510-gd0f6b136d3 (webtiles) character file.

Game seed: 16443884523090347476

217 tatocazan the Skirmisher (level 5, -13/34 HPs)
             Began as a Gargoyle Fighter on Jan 15, 2022.
             Was a Follower of Okawaru.
             Mangled by Menkaure (14 damage)
             ... on level 4 of the Dungeon.
             The game lasted 00:03:47 (3664 turns).

tatocazan the Skirmisher (Gargoyle Fighter)         Turns: 3664, Time: 00:03:48

Health: -13/34     AC: 13    Str: 22    XL:     5   Next: 94%
Magic:  6/6        EV: 10    Int:  8    God:    Okawaru [*.....]
Gold:   177        SH:  4    Dex:  9    Spells: 4/4 levels left

rFire   . . .      SeeInvis .   a - +0 flail
rCold   . . .      Faith    .   c - +0 buckler
rNeg    + . .      Spirit   .   p - +3 ring mail
rPois   ∞          Reflect  .   (no helmet)
rElec   +          Harm     .   (no cloak)
rCorr   .          Rampage  .   (no gloves)
Will    .....                   (no boots)
Stlth   ..........              (no amulet)
HPRegen 0.11/turn               (no ring)
MPRegen 0.10/turn               (no ring)

@: no status effects
A: sickness immunity, AC +4, negative energy resistance 1, electricity
resistance, torment resistance 1, petrification resistance
a: Renounce Religion, Heroism


You were on level 4 of the Dungeon.
You worshipped Okawaru.
Okawaru was aware of your devotion.
You visited 2 branches of the dungeon, and saw 5 of its levels.

You collected 177 gold pieces.

Inventory:

Hand Weapons
 a - a +0 flail (weapon)
Armour
 b - a +0 scale mail
 c - a +0 buckler (worn)
 p - a +3 ring mail (worn)
Jewellery
 h - a ring of see invisible
 k - a ring of protection from fire
Scrolls
 f - a scroll of magic mapping {unknown}
 g - a scroll of torment {unknown}
 i - 3 scrolls of identify {unknown}
 j - a scroll of fear {unknown}
 l - a scroll of blinking {unknown}
 m - 4 scrolls of teleportation {unknown}
 q - 2 scrolls of vulnerability {unknown}
 r - a scroll of immolation {unknown}
 s - a scroll of holy word {unknown}
 t - a scroll of brand weapon {unknown}
Potions
 d - a potion of might
 e - 2 potions of brilliance {unknown}
 n - a potion of heal wounds {unknown}
 o - a potion of haste {unknown}


   Skills:
 + Level 4.4 Fighting
 * Level 3.7 Maces & Flails
 + Level 4.4 Armour
 - Level 3.9 Shields
 + Level 1.5 Invocations


You had 4 spell levels left.
You didn't know any spells.
Your spell library was empty.

Dungeon Overview and Level Annotations

Branches:
Dungeon (4/15)             Temple (1/1) D:4

Altars:
Ashenzari
Cheibriados
Dithmenos
Elyvilon
Kikubaaqudgha
Makhleb
Okawaru
Trog
Uskayaw
Vehumet
Zin

Shops:
D:1 !

Annotations:
D:4 Menkaure


Innate Abilities, Weirdness & Mutations

You are immune to sickness and miasma.
Your stone body is resilient. (AC +4)
You are immune to poison.
You resist negative energy. (rN+)
You are resistant to electric shocks. (rElec)
You are resistant to unholy torment.
You are immune to petrification.


Message History

Menkaure is nearby!
Menkaure is nearby!
You start resting.
HP restored.
Health restored: 34
Items here: ( )) [ †.
Menkaure is nearby!
Menkaure shouts!
Items here: ( )) [ †.
Menkaure hits you.
You take 4 damage, and have 30/34 hp.
You hit Menkaure but do no damage. Menkaure hits you!
Ouch! That really hurt!
You take 17 damage, and have 13/34 hp.
MASSIVE DAMAGE!!
You sock Menkaure!
Menkaure is moderately damaged.
You block Menkaure's attack.
You hit Menkaure.
Menkaure is heavily damaged.
You block Menkaure's attack.
You hit Menkaure.
Menkaure is heavily damaged.
Menkaure hits you.
You take 2 damage, and have 12/34 hp.
You hit Menkaure.
Menkaure is severely damaged.
Menkaure hits you but does no damage.
You barely miss Menkaure.
Menkaure is severely damaged.
Menkaure hits you.
You take 1 damage, and have 11/34 hp.
You hit Menkaure.
Menkaure is almost destroyed.
Menkaure hits you!
* * * LOW HITPOINT WARNING * * *
You take 10 damage, and have 1/34 hp.
MASSIVE DAMAGE!!
You hit Menkaure but do no damage.
Menkaure is almost destroyed.
Menkaure hits you!
You die...

≈.≈≈......##.#
≈.≈≈.≈##.....#
≈.≈≈.≈##...###
.≈≈≈..##.#.#
..≈≈..##.#.#
≈.≈.≈.##.#.#
#.≈≈..##.#.#
..≈≈..##.#.########
.#≈≈#.##.#......@.#
.##≈# ...########M#
## ≈# ### #.# .# ##
#.# ## #.# #####.#
#.# ......# #.#
####### #.# #.#


You could see Menkaure.

Vanquished Creatures
  Blork the orc (D:4)
  A wyvern zombie (D:4)
  3 adders
  2 worms (D:2)
  5 endoplasms
  3 giant cockroaches
  7 goblins
  6 hobgoblins
  5 jackals (D:1)
  2 quokkas
  4 ball pythons
  2 bats
  2 frilled lizards
  7 kobolds
  2 rats
52 creatures vanquished.

Notes
Turn   | Place    | Note
-------+----------+-------------------------------------------
     0 | D:1      | tatocazan the Gargoyle Fighter began the quest for the Orb.
     0 | D:1      | Reached XP level 1. HP: 14/14 MP: 1/1
   113 | D:1      | Reached XP level 2. HP: 19/19 MP: 2/2
   126 | D:1      | Found Asuepsis's Distillery.
   876 | D:2      | Reached XP level 3. HP: 24/24 MP: 3/3
  1170 | D:2      | Found a white marble altar of Elyvilon.
  2020 | D:3      | Reached XP level 4. HP: 22/29 MP: 4/4
  2557 | D:4      | Found a staircase to the Ecumenical Temple.
  2575 | Temple   | Entered the Ecumenical Temple
  2745 | Temple   | Became a worshipper of Warmaster Okawaru
  3035 | D:4      | Reached skill level 1 in Invocations
  3035 | D:4      | Reached XP level 5. HP: 6/33 MP: 5/5
  3548 | D:4      | Noticed Blork the orc
  3566 | D:4      | Killed Blork the orc
  3566 | D:4      | Reached * piety under Okawaru
  3591 | D:4      | Noticed Menkaure
  3663 | D:4      | HP: 1/34 [Menkaure (10)]
  3664 | D:4      | Mangled by Menkaure

Illustrated notes

Levels and vault maps discovered:
D:1:      lemuel_arrival_cross, layout_basic, serial_shops,
          nicolae_lakefront_shop
D:2:      layout_basic, basic_altar, st_stairs_7
D:3:      layout_loops_ring
D:4:      layout_loops_ring, minmay_temple_entry_slanted, serial_rivers,
          chequers_serial_rivers_micro_b, chequers_serial_rivers_micro_b,
          chequers_serial_rivers_small_3, chequers_serial_rivers_marsh,
          chequers_serial_rivers_micro_a, kennysheep_cross_room,
          grunt_decor_clamped, minmay_distorted, uniq_blork_the_orc,
          uniq_menkaure
Temple:   mainiacjoe_temple_trianglar_array

Skill      XL: |  1  2  3  4 |
---------------+-------------+-----
Fighting       | 4 |  4.4
Armour         | 4 |  4.4
Maces & Flails | 3 |  3.7
Invocations    | 1 |  1.5
Shields        | |  3.9

Action                   |  1- 3 |  4- 6 || total
-------------------------+-------+-------++-------
Melee: Flail             |   127 |    63 ||   190
Armor: Scale mail        |    51 |       ||    51
       Ring mail         |    26 |    24 ||    50
       Skin              |     1 |       ||     1
Dodge: Dodged            |    59 |    23 ||    82
Block: Buckler           |    27 |    15 ||    42

Table legend: (Time is in decaauts)
 A = Elapsed time spent in this place.
 B = Non-inter-level travel time spent in this place.
 C = Inter-level travel time spent in this place.
 D = Time resting spent in this place.
 E = Time spent auto-exploring this place.
 F = Levels seen in this place.
 G = Mean time per level.
                   A        B        C        D        E       F      G
               +--------+--------+--------+--------+--------+-----+--------+
         Total |   3722 |   3672 |     50 |   1031 |   2152 |   5 |  744.4 |
       Dungeon |   3538 |   3500 |     38 |   1031 |   1986 |   4 |  884.5 |
        Temple |    183 |    171 |     12 |      0 |    166 |   1 |  183.0 |
               +--------+--------+--------+--------+--------+-----+--------+

Top non-repeatable levels by time:
     D:4: 1011 daAuts
     D:1: 885 daAuts
     D:3: 883 daAuts
     D:2: 759 daAuts
  Temple: 183 daAuts
